 Dungeon Crawl Stone Soup version 0.26.1-2-gb8aa6d0cf2 (console) character file.

Game seed: 13163356897412705145

6152 om the Transmogrifier (level 10, -1/92 HPs)
             Began as a Troll Transmuter on Mar 1, 2021.
             Was an Elder of Cheibriados.
             Slain by Pikel
             ... wielding a +0 whip of electrocution
              (11 damage)
             ... on level 9 of the Dungeon.
             The game lasted 00:13:09 (7324 turns).

om the Transmogrifier (Troll Transmuter)            Turns: 7324, Time: 00:13:10

Health: -1/92      AC:  6    Str: 29    XL:     10   Next: 59%
Magic:  13/15      EV: 14    Int: 27    God:    Cheibriados [****..]
Gold:   482        SH:  0    Dex: 19    Spells: 4/17 levels left

rFire    . . .     SeeInvis .     - Unarmed
rCold    . . .     Faith    .   (shield currently unavailable)
rNeg     . . .     Spirit   .   D - +0 steam dragon scales
rPois    .         Reflect  .   (helmet restricted)
rElec    .         Harm     .   p - +0 cloak
rCorr    .         Rampage  .   (gloves unavailable)
Will     .....                  (boots unavailable)
Stlth    ++........             e - amulet of magic regeneration
HPRegen  0.65/turn              H - +6 ring of intelligence
MPRegen  0.39/turn              y - +4 ring of protection

@: blade hands (expiring), corroded, very slow
A: large, unfitting armour, claws 3, regeneration 1, shaggy fur 1, tough skin 3
a: End Transformation, Renounce Religion, Bend Time, Temporal Distortion, Slouch


You were on level 9 of the Dungeon.
You worshipped Cheibriados.
Cheibriados was greatly pleased with you.
You had blades for hands.
You visited 1 branch of the dungeon, and saw 9 of its levels.
You also visited: Sewer.

You collected 482 gold pieces.

Inventory:

Hand Weapons
 F - a +4 scimitar of flaming
Armour
 a - a +0 robe
 p - a +0 cloak (worn)
 D - +0 steam dragon scales (worn)
 G - a +2 robe of cold resistance
Jewellery
 e - an amulet of magic regeneration (around neck)
 i - an uncursed ring of flight
 y - a +4 ring of protection (right scythe-like blade)
 H - a +6 ring of intelligence (left scythe-like blade)
Wands
 q - a wand of polymorph (18)
 B - a wand of enslavement (8)
 I - a wand of disintegration (10)
Scrolls
 c - 2 scrolls of noise {unknown}
 d - 4 scrolls of teleportation
 g - 3 scrolls of amnesia
 h - 5 scrolls of remove curse
 k - 3 scrolls of enchant weapon {unknown}
 l - a scroll of enchant armour {unknown}
 m - 2 scrolls of fog
 o - 4 scrolls of fear {unknown}
 s - a scroll of immolation {unknown}
 t - a scroll of blinking {unknown}
 w - a scroll of summoning {unknown}
 z - a scroll of magic mapping {unknown}
 A - a scroll of vulnerability {unknown}
Potions
 b - 8 potions of heal wounds
 f - 6 potions of curing
 j - 3 potions of cancellation
 n - 2 potions of haste {unknown}
 r - 2 potions of flight {unknown}
 u - a potion of degeneration {unknown}
 v - a potion of mutation {unknown}
 x - a potion of attraction {unknown}
 C - 2 potions of magic {unknown}
 E - a potion of ambrosia {unknown}


   Skills:
 - Level 4.0 Fighting
 * Level 5.9 Dodging
 - Level 3.1 Unarmed Combat
 - Level 4.0 Spellcasting
 * Level 9.6 Transmutations


You had 4 spell levels left.
You knew the following spells:

 Your Spells              Type           Power        Failure   Level
a - Beastly Appendage     Tmut           100%         8%          1
b - Spider Form           Tmut/Pois      15%          26%         3
c - Ice Form              Ice/Tmut       31%          47%         4
d - Blade Hands           Tmut           27%          30%         5

Your spell library contained the following spells:

 Spells                   Type           Power        Failure   Level
 Wereblood                Tmut           55%          9%          2
 Freeze                   Ice            20%          41%         1
 Frozen Ramparts          Ice            10%          67%         3
 Ozocubu's Armour         Ice            5%           67%         3
 Hailstorm                Conj/Ice       5%           92%         4
 Summon Ice Beast         Ice/Summ       5%           92%         4


Dungeon Overview and Level Annotations

Branches:
Dungeon (9/15)             Temple (0/1) D:5           Sewer (visited)
   Lair: D:8-11         Orc: D:9-12

Altars:
Ashenzari
Cheibriados
Dithmenos
Fedhas
Gozag
Hepliaklqana
Kikubaaqudgha
Makhleb
Sif Muna
Xom

Shops:
D:8 (

Annotations:
D:9 Pikel


Innate Abilities, Weirdness & Mutations

You are too large for most types of armour.
You have claws for hands.
Your natural rate of healing is unusually fast.
You are covered in fur. (AC +1)
You have extremely tough skin. (AC +3)


Message History

You hit Pikel but do no damage.
You hear a horrible gurgling sound!
A white imp comes into view.
Pikel zaps a wand.
The bolt of acid hits you! The acid corrodes you!
You are splashed with acid!
You hit Pikel.
Pikel is lightly wounded.
Pikel hits you with a +0 whip of electrocution!
You are electrocuted!!
* * * LOW HITPOINT WARNING * * *
You are too injured to fight recklessly!
You hit Pikel.
Pikel is lightly wounded.
Pikel barely misses you.
You are too injured to fight recklessly!
You hit Pikel but do no damage.
Pikel is lightly wounded.
Pikel hits you with a +0 whip of electrocution.
* * * LOW HITPOINT WARNING * * *
You are electrocuted!
You die...

#..........
#.........
#........#
#.......5#
#.....5..#
#.....5..#
#....5K5.# #..#
#.....@..# #..#
#.# #........#
#..# #.#
#........# #..#
#.# #........#
#[.# #.# #
#........# #..#
#.#
#<######........#
#..# #.###
#...............#
#..#####....
#...............#
#........<..
#........####...#
#...###..###
#.######.#
#######...# #..#
#.# ##_##.....#
#..#


You could see Pikel, 4 lemures and a white imp.

Vanquished Creatures
  Harold (D:7)
  A hydra (D:8)
  Erica (D:8)
  Joseph (D:7)
  Psyche (D:9)
  A gargoyle (D:8)
  Maggie (D:7)
  Sigmund (D:3)
  Eustachio (D:5)
  A steam dragon (D:9)
  Menkaure (D:4)
  A water moccasin (D:7)
  An ice beast (D:7)
  An orc warrior (D:7)
  A necrophage (D:7)
  A sky beast (D:7)
  An ogre (D:5)
  6 centaurs
  A big kobold (Sewer)
  2 bullfrogs (D:8)
  A gnoll sergeant (D:8)
  2 scorpions
  8 wights
  A vampire bat (D:5)
  2 jellies
  3 hounds
  3 centaur skeletons
  An iguana (D:5)
  3 worker ants
  A killer bee zombie (D:8)
  A worker ant zombie (D:8)
  10 gnolls
  7 adders
  2 river rats (Sewer)
  3 shadow imps
  4 white imps
  3 ufetubi
  2 oozes (D:3)
  An adder skeleton (D:7)
  An adder zombie (D:5)
  A dart slug (D:4)
  3 leopard geckos
  4 orcs
  4 bat skeletons (D:5)
  2 bat zombies (D:5)
  3 giant cockroaches
  4 goblins
  3 hobgoblins
  10 jackals
  9 kobolds
  3 quokkas
  2 bats
  8 frilled lizards
  A leopard gecko skeleton (D:8)
  A quokka skeleton (D:4)
  13 rats
156 creatures vanquished.

Vanquished Creatures (others)
  A shadow imp (D:7)
1 creature vanquished.

Grand Total: 157 creatures vanquished

Notes
Turn   | Place    | Note
-------+----------+-------------------------------------------
     0 | D:1      | om the Troll Transmuter began the quest for the Orb.
     0 | D:1      | Reached XP level 1. HP: 18/18 MP: 1/1
   171 | D:1      | Reached XP level 2. HP: 26/26 MP: 3/3
   795 | D:2      | Reached skill level 2 in Transmutations
   914 | D:2      | Found a burning altar of Makhleb.
  1015 | D:3      | Reached XP level 3. HP: 21/32 MP: 4/4
  1404 | D:3      | Found an opulent altar of Gozag.
  1404 | D:3      | Found a snail-covered altar of Cheibriados.
  1433 | D:3      | Noticed Sigmund
  1465 | D:3      | Killed Sigmund
  1466 | D:3      | Reached skill level 3 in Transmutations
  1466 | D:3      | Reached XP level 4. HP: 26/40 MP: 4/7
  1466 | D:3      | Reached XP level 5. HP: 30/46 MP: 4/8
  1521 | D:3      | Found a hazy altar of Hepliaklqana.
  1559 | D:3      | Became a worshipper of Cheibriados the Contemplative
  1748 | D:4      | Noticed Menkaure
  1756 | D:4      | Killed Menkaure
  1757 | D:4      | Reached XP level 6. HP: 13/54 MP: 9/9
  1901 | D:4      | Found a glowing drain.
  1910 | Sewer    | Entered a sewer
  2017 | Sewer    | Found a glowing silver altar of Zin.
  2193 | D:4      | Reached skill level 4 in Transmutations
  2193 | D:4      | Found a blossoming altar of Fedhas.
  2198 | D:4      | Reached * piety under Cheibriados
  2353 | D:4      | Reached XP level 7. HP: 39/61 MP: 11/11
  2427 | D:4      | Found a broken altar of Ashenzari.
  2655 | D:5      | Entered Level 5 of the Dungeon
  2725 | D:5      | Noticed Eustachio
  2755 | D:5      | Killed Eustachio
  2837 | D:5      | Found a staircase to the Ecumenical Temple.
  2879 | D:5      | Learned a level 3 spell: Spider Form
  3496 | D:5      | Reached skill level 5 in Transmutations
  3506 | D:5      | Found an ancient bone altar of Kikubaaqudgha.
  3508 | D:5      | Reached ** piety under Cheibriados
  3566 | D:5      | Found a shimmering blue altar of Sif Muna.
  4039 | D:6      | Reached XP level 8. HP: 49/68 MP: 13/13
  4092 | D:6      | Found a shimmering altar of Xom.
  4498 | D:7      | Noticed Harold
  4510 | D:7      | Killed Harold
  4511 | D:7      | Reached skill level 7 in Transmutations
  4704 | D:7      | Reached XP level 9. HP: 66/75 MP: 12/14
  4727 | D:7      | Noticed Maggie
  4728 | D:7      | Learned a level 4 spell: Ice Form
  4750 | D:7      | Killed Maggie
  4751 | D:7      | Reached skill level 8 in Transmutations
  4751 | D:7      | Reached skill level 1 in Fighting
  5142 | D:7      | Noticed Joseph
  5159 | D:7      | Killed Joseph
  5360 | D:7      | Reached *** piety under Cheibriados
  5623 | D:8      | Found Faeto's Antique Weapon Boutique.
  5647 | D:8      | Noticed Erica
  5663 | D:8      | Killed Erica
  5797 | D:8      | Reached XP level 10. HP: 89/89 MP: 15/15
  5850 | D:8      | Reached skill level 9 in Transmutations
  6021 | D:8      | Reached **** piety under Cheibriados
  6090 | D:8      | Learned a level 5 spell: Blade Hands
  6144 | D:8      | Noticed an eight-headed hydra
  6360 | D:8      | Killed a four-headed hydra
  6361 | D:8      | Reached skill level 5 in Dodging
  6662 | D:8      | Noticed a gargoyle
  6672 | D:8      | Killed a gargoyle
  7104 | D:9      | Noticed Psyche
  7212 | D:9      | Killed Psyche
  7264 | D:9      | Found a shadowy altar of Dithmenos.
  7316 | D:9      | Noticed Pikel
  7324 | D:9      | Slain by Pikel

Illustrated notes

Levels and vault maps discovered:
D:1:      dpeg_arrival_ternary, layout_loops_ring, minivault_23,
          minmay_pentomino_x4
D:2:      layout_rooms, lightli_temple_of_fire
D:3:      layout_rooms, nzn_hepliaklqana_mist_gate,
          gammafunk_temple_overflow_elements, uniq_sigmund
D:4:      layout_rooms, nicolae_ashenzari_panopticon, old_standard_altar,
          portal_sewer_entry_d, uniq_menkaure
D:5:      layout_basic, kennysheep_vampire_church,
          lemuel_coloured_pillars_altar, minmay_temple_entry_antechambers,
          uniq_eustachio
D:6:      layout_basic, lemuel_crystal_altar, lemuel_old_faithful
D:7:      layout_cave_pools, uniq_harold, uniq_maggie, uniq_joseph
D:8:      layout_basic, serial_shops, nicolae_shop_statue_plus, serial_glass,
          glass_columns_a, glass_columns_a, glass_columns_b, glass_columns_b,
          glass_columns_a, glass_columns_a, glass_columns_a, glass_columns_b,
          uniq_erica
D:9:      layout_long_grid, marbit_many_paths, lair_entry_dummy, david_orc_5,
          ebering_ghost_reflecting_pool, uniq_grum, uniq_psyche, uniq_gastronok,
          uniq_pikel

Skill      XL: |  1  2  3  4  5  6  7  8  9 10 |
---------------+-------------------------------+-----
Transmutations | 2 3 4 5 7 8 9 |  9.6
Spellcasting   | 2 3 4 |  4.0
Fighting       | 2 4 |  4.0
Dodging        | 4 5 |  5.9
Unarmed Combat | |  3.1

Action                   |  1- 3 |  4- 6 |  7- 9 | 10-12 || total
-------------------------+-------+-------+-------+-------++-------
Melee: Unarmed           |    92 |    61 |   229 |    74 ||   456
       Kick              |     8 |    16 |    64 |    15 ||   103
       Headbutt          |     5 |     9 |    39 |    12 ||    65
       Punch             |       |       |     5 |     4 ||     9
       Scimitar          |       |       |       |     4 ||     4
 Cast: Beastly Appendage |     9 |     8 |    33 |     4 ||    54
       Blade Hands       |       |       |       |     9 ||     9
  Use: Scroll            |       |     4 |     3 |       ||     7
       Potion            |       |     1 |       |       ||     1
 Stab: Sleeping          |     1 |       |     3 |     1 ||     5
Armor: Robe              |    38 |    15 |    94 |       ||   147
       Steam dragon scal |       |       |    58 |    41 ||    99
Dodge: Dodged            |    50 |    29 |   161 |    82 ||   322
       Rpst.: Scimitar   |       |       |       |     2 ||     2
